 Dungeon Crawl Stone Soup version 0.25-a0-781-gc44aebf4fe (webtiles) character file.

Game seed: 4902103278121236182, levelgen mode: deterministic

99 Delarado the Chopper (level 4, 39/39 HPs)
             Began as a Minotaur Monk on Apr 15, 2020.
             Was a Believer of Jiyva.
             Quit the game on level 2 of the Dungeon.
             The game lasted 00:04:02 (1805 turns).

Delarado the Chopper (Minotaur Monk)                Turns: 1805, Time: 00:04:02

Health: 39/39      AC:  5    Str: 16    XL:     4   Next: 45%
Magic:  3/3        EV: 12    Int:  7    God:    Jiyva [**....]
Gold:   103        SH:  0    Dex: 13    Spells: 3/3 levels left

rFire    . . .     SeeInvis .   a - +0 hand axe
rCold    . . .     Gourm    .   (no shield)
rNeg     . . .     Faith    .   i - +0 ring mail
rPois    .         Spirit   .   (helmet restricted)
rElec    .         Reflect  .   (no cloak)
rCorr    .         Harm     .   (no gloves)
MR       .....                  (no boots)
Stlth    +.........             (no amulet)
HPRegen  0.13/turn              (no ring)
MPRegen  0.08/turn              (no ring)

@: no status effects
A: retaliatory headbutt, horns 2
a: Request Jelly, Renounce Religion


You were on level 2 of the Dungeon.
You worshipped Jiyva.
Jiyva was pleased with you.
You were not hungry.

You visited 1 branch of the dungeon, and saw 2 of its levels.

You collected 103 gold pieces.

Inventory:

Hand Weapons
 a - a +0 hand axe (weapon)
Missiles
 f - 43 stones (quivered)
Armour
 b - a +0 robe
 i - a +0 ring mail (worn)
Scrolls
 d - a scroll of remove curse {unknown}
 h - a scroll of enchant armour {unknown}
 l - 2 scrolls of identify {unknown}
 m - a scroll of immolation {unknown}
 o - a scroll of fog {unknown}
Potions
 e - a potion of brilliance {unknown}
 g - a potion of flight {unknown}
 k - a potion of curing {unknown}
 n - a potion of stabbing {unknown}
 p - a potion of mutation {unknown}
Comestibles
 c - 4 rations
 j - 7 chunks of flesh


   Skills:
 - Level 3.6 Fighting
 + Level 6.4 Axes
 - Level 3.2 Dodging
 - Level 1.5 Stealth


You had 3 spell levels left.
You didn't know any spells.
Your spell library was empty.

Dungeon Overview and Level Annotations

Branches:
Dungeon (2/15)

Altars:
Jiyva


Innate Abilities, Weirdness & Mutations

You reflexively headbutt those who attack you in melee.
You have a pair of horns on your head.


Message History

You slash the rat!
You kill the rat!
No target in view!
No target in view!
You now have 97 gold pieces (gained 15).
You open the door.
Found a faded altar of an unknown god.
Found 6 gold pieces and 23 bolts.
There is an open door here.
There is a faded altar of an unknown god here.
You cannot tell which god this altar belongs to.
Convert to them anyway?
Okay, then.
You cannot tell which god this altar belongs to.
Convert to them anyway?
Jiyva accepts your prayer! Jiyva welcomes you!
You can now request a jelly.
Jiyva grants you a jelly!
Unknown command.
Press < or > to pray at altars.
You swap places.
You now have 103 gold pieces (gained 6).
Are you sure you want to abandon this character and quit the game? (Confirm with "yes".)

# ## #. ##. ##### #####
#.. ###8..### ##.⌠.###
##.# #?8P_...##♣.P.P..#
#..# #.8J...(##.......#
#..#
#.....@.##....P..###..#
#####'########.#####..##
#...P............8.#....
###....P.....)P..###.###
#####♣8....#####..##
##..###..>....###
#..#.....)....##
#.............##
#...#####.......


You could see a neutral jelly (fellow slime).

Vanquished Creatures
  Robin (D:2)
  2 adders (D:2)
  2 dart slugs (D:1)
  2 giant cockroaches
  5 hobgoblins
  6 jackals
  A quokka (D:2)
  A ball python (D:1)
  8 bats
  A frilled lizard (D:1)
  19 goblins
  8 kobolds
  3 rats (D:2)
59 creatures vanquished.

Notes
Turn   | Place    | Note
-------+----------+-------------------------------------------
     0 | D:1      | Delarado the Minotaur Monk began the quest for the Orb.
     0 | D:1      | Reached XP level 1. HP: 19/19 MP: 0/0
   172 | D:1      | Reached skill level 4 in Axes
   358 | D:1      | Reached XP level 2. HP: 21/26 MP: 1/1
   886 | D:1      | Reached skill level 5 in Axes
   995 | D:1      | Reached XP level 3. HP: 31/31 MP: 2/2
  1278 | D:2      | Noticed Robin
  1424 | D:2      | Killed Robin
  1444 | D:2      | Reached XP level 4. HP: 39/39 MP: 3/3
  1468 | D:2      | Reached skill level 6 in Axes
  1796 | D:2      | Found a faded altar of an unknown god.
  1801 | D:2      | Became a worshipper of Jiyva Jetz the Shapeless
  1801 | D:2      | Reached * piety under Jiyva
  1801 | D:2      | Reached ** piety under Jiyva
  1805 | D:2      | Quit the game

Levels and vault maps discovered:
D:1:      ncdulo_smallfort, layout_basic
D:2:      layout_rooms, chequers_ecumenical_altar_lobes, uniq_robin

Skill      XL: |  1  2  3  4 |
---------------+-------------+-----
Axes           | 4 5 6 |  6.4
Fighting       | |  3.6
Dodging        | |  3.2
Stealth        | |  1.5

Action                   |  1- 3 |  4- 6 || total
-------------------------+-------+-------++-------
Melee: Hand axe          |    81 |    27 ||   108
       Headbutt          |    10 |     3 ||    13
Throw: Stone             |     7 |     1 ||     8
  Eat: Chunk             |     2 |     1 ||     3
Armor: Robe              |     5 |       ||     5
       Ring mail         |    23 |     6 ||    29
Dodge: Dodged            |    54 |    19 ||    73

Table legend:
 A = Non-vault XP
 B = Vault XP
 C = Vault XP percentage of total XP
 D = Non-vault monster count
 E = Vault monster count
 F = Vault count percentage of total count
                 A         B        C        D         E       F
            +---------+---------+-------+---------+---------+-------
      Total |     107 |      35 |  24.6 |      48 |      11 |  18.6
            +---------+---------+-------+---------+---------+-------
        D:1 |      50 |       7 |  12.3 |      28 |       4 |  12.5
        D:2 |      57 |      28 |  32.9 |      20 |       7 |  25.9
            +---------+---------+-------+---------+---------+-------
